 Dungeon Crawl Stone Soup version 0.18.1-50-g88ac8fd (webtiles) character file.

1288 magog001 the Skirmisher (level 8, -1/52 HPs)
             Began as a Tengu Berserker on July 26, 2019.
             Was a Priest of Trog.
             Slain by an orc warrior
             ... wielding a +2 short sword of freezing
              (10 damage)
             ... on level 6 of the Dungeon.
             The game lasted 00:23:05 (4066 turns).

magog001 the Skirmisher (Tengu Berserker)           Turns: 4066, Time: 00:23:05

Health: -1/52      AC: 14    Str: 19    XL:     8   Next: 55%
Magic:  9/9        EV: 11    Int: 10    God:    Trog [***...]
Gold:   56         SH:  0    Dex: 21    Spells: 0 memorised, 7 levels left

rFire  + . .     SeeInvis .     b - +0 long sword of Wupsi Jiyhue {flame, rPois Int+2 Dex+7}
rCold  . . .     Gourm    .     o - +2 chain mail {rF+}
rNeg   . . .     Faith    .     (no shield)
rPois  +         Spirit   .     (helmet restricted)
rElec  .         Dismiss  .     p - +0 cloak
rCorr  .         Reflect  .     r - +0 pair of gloves
SustAt .         Harm     .     (boots unavailable)
MR     .....     Clarity  +     i - amulet of magic regeneration
Stlth  ..........               (no ring)
                                (no ring)

@: drained, not resistant to hostile enchantments, extremely unstealthy
A: beak, talons 3, clarity, able to fly 1
a: Fly, Berserk, Trog's Hand, Burn Spellbooks, Renounce Religion


You were on level 6 of the Dungeon.
You worshipped Trog.
Trog was most pleased with you.
You were not hungry.

You visited 1 branch of the dungeon, and saw 6 of its levels.

You collected 266 gold pieces.
You spent 210 gold pieces at shops.

Inventory:

Hand Weapons
 b - the +0 long sword of Wupsi Jiyhue (weapon) {flame, rPois Int+2 Dex+7}
   (You found it on level 4 of the Dungeon)

   It has been specially enchanted to burn those struck by it, causing extra
   injury to most foes and up to half again as much damage against particularly
   susceptible opponents.
   Big, fiery blades are also staple armaments of hydra-hunters.
   It affects your intelligence (+2).
   It affects your dexterity (+7).
   It protects you from poison.
Missiles
 h - 5 tomahawks
 w - 7 tomahawks of returning (quivered)
Armour
 o - a +2 chain mail of fire resistance (worn)
 p - a +0 cloak (worn)
 r - a +0 pair of gloves (worn)
Jewellery
 i - an amulet of magic regeneration (around neck)
Wands
 v - a wand of flame (36/48)
Scrolls
 e - a scroll of remove curse
 g - a scroll of teleportation
 n - a scroll of fear
 t - 4 scrolls of magic mapping
Potions
 d - 3 potions of flight
 f - 2 potions of resistance {unknown}
 j - a potion of cure mutation {unknown}
 l - 3 potions of curing
 m - 2 potions of lignification
 q - a potion of haste {unknown}
 s - a potion of agility {unknown}
 u - 3 potions of magic {unknown}
Comestibles
 a - 4 fruits
 c - 3 bread rations
 k - 2 beef jerkies
 x - a chunk of flesh


   Skills:
 * Level 6.5(5.6) Fighting
 * Level 2.1(1.2) Long Blades
   Level 4.0(3.4) Axes
   Level 2.4(2.6) Maces & Flails
 * Level 6.0(5.1) Armour
 * Level 5.7(4.8) Dodging


You had 7 spell levels left.
You didn't know any spells.

Dungeon Overview and Level Annotations

Branches:
Dungeon (6/15)             Temple (0/1) D:4

Altars:

Shops:
D:5 *%:(


Innate Abilities, Weirdness & Mutations

You have a beak for a mouth.
You have claws for feet.
You can fly.
You possess an exceptional clarity of mind.


Message History

The orc warrior is lightly wounded.
The orc warrior hits you with a short sword of freezing.
The orc warrior freezes you.
An orc comes into view. It is wielding a trident.
The orc warrior hits you with a short sword of freezing!
* * * LOW HITPOINT WARNING * * *
The orc warrior freezes you.
* * * LOW HITPOINT WARNING * * *
The orc hits you with a trident.
* * * LOW HITPOINT WARNING * * *
The orc warrior closely misses you. The orc closely misses you.
You hit the orc warrior but do no damage.
You peck the orc warrior.
The orc warrior is moderately wounded.
The orc warrior barely misses you. The orc completely misses you.
You closely miss the orc warrior. Your kick misses the orc warrior.
The orc warrior is moderately wounded.
The orc warrior misses you. The orc closely misses you.
The orc warrior hits you with a short sword of freezing!
You die...

................##
.................##
.....#............#
......#...........#
...#..............##
...####.......)....#
..## ####.........##
.## ###........# ##.
. ####.@o.#....# #
###...# ##o## .# .#
.. .. ... ...


You could see an orc warrior and an orc.

Vanquished Creatures
  Sigmund (D:3)
  A sky beast (D:6)
  3 ogres
  2 centaurs
  4 wights
  A howler monkey (D:5)
  A giant frog skeleton (D:4)
  Crazy Yiuf (D:3)
  Natasha (thrice) (D:2)
  Terence (D:2)
  4 orc wizards
  A worker ant (D:5)
  6 adders
  An ooze (D:1)
  An adder skeleton (D:6)
  3 worms
  2 dart slugs
  3 giant geckos
  15 orcs
  2 ball pythons
  4 giant cockroaches
  3 goblins (D:3)
  3 hobgoblins
  5 jackals
  A quokka (D:3)
  5 bats
  3 giant newts
  7 kobolds
  8 rats
95 creatures vanquished.

Notes
Turn   | Place    | Note
--------------------------------------------------------------
     0 | D:1      | magog001 the Tengu Berserker began the quest for the Orb.
     0 | D:1      | Reached XP level 1. HP: 14/14 MP: 2/2
   111 | D:1      | Reached XP level 2. HP: 8/19 MP: 3/3
   711 | D:2      | Reached XP level 3. HP: 21/23 MP: 4/4
   776 | D:2      | Noticed Terence
   786 | D:2      | Killed Terence
   823 | D:2      | Noticed Natasha
   831 | D:2      | Killed Natasha
   831 | D:2      | Reached ** piety under Trog
   831 | D:2      | Reached XP level 4. HP: 27/29 MP: 5/5
   951 | D:2      | Noticed Natasha
   962 | D:2      | Killed Natasha
   962 | D:2      | Gained mutation: You can fly. [Tengu growth]
   962 | D:2      | Reached XP level 5. HP: 26/33 MP: 6/6
   984 | D:2      | Noticed Natasha
   995 | D:2      | Killed Natasha
  1359 | D:3      | Noticed Sigmund
  1372 | D:3      | Killed Sigmund
  1372 | D:3      | Reached XP level 6. HP: 27/39 MP: 7/7
  1409 | D:3      | Reached skill level 1 in Maces & Flails
  1742 | D:3      | Reached *** piety under Trog
  2136 | D:3      | Noticed Crazy Yiuf
  2139 | D:3      | Killed Crazy Yiuf
  2281 | D:4      | Reached skill level 5 in Fighting
  2283 | D:4      | Reached XP level 7. HP: 44/44 MP: 4/8
  2359 | D:4      | Reached skill level 5 in Dodging
  2401 | D:4      | HP: 1/44 [ogre/giant club (4)]
  2780 | D:4      | Got a jewelled long sword
  2781 | D:4      | Identified the cursed +0 long sword of Wupsi Jiyhue {flame, rPois Int+2 Dex+7} (You found it on level 4 of the Dungeon)
  2805 | D:4      | Found a staircase to the Ecumenical Temple.
  2993 | D:5      | Entered Level 5 of the Dungeon
  3059 | D:5      | Reached skill level 5 in Armour
  3059 | D:5      | Reached XP level 8. HP: 44/51 MP: 9/9
  3064 | D:5      | Reached skill level 1 in Long Blades
  3243 | D:5      | Found Fili Moe's Weapon Shop.
  3292 | D:5      | Found Zeshraeh's Book Emporium.
  3367 | D:5      | Found Natuoc's Food Shoppe.
  3373 | D:5      | Bought a fruit for 21 gold pieces
  3373 | D:5      | Bought 3 fruits for 63 gold pieces
  3373 | D:5      | Bought a beef jerky for 21 gold pieces
  3373 | D:5      | Bought a beef jerky for 21 gold pieces
  3453 | D:5      | Found Lats's General Store.
  3463 | D:5      | Bought 7 tomahawks of returning for 84 gold pieces
  4049 | D:6      | Gained mutation: You possess an exceptional clarity of mind. [mutagenic meat]
  4066 | D:6      | Slain by an orc warrior

Skill      XL: |  1  2  3  4  5  6  7  8 |
---------------+-------------------------+-----
Axes           | 4 |  4.0
Fighting       | 4 5 6 |  6.5
Dodging        | 3 4 5 |  5.7
Armour         | 3 4 5 6 |  6.0
Maces & Flails | 1 2 |  2.4
Long Blades    | 2 |  2.1

Action                   |  1- 3 |  4- 6 |  7- 9 || total
-------------------------+-------+-------+-------++-------
Melee: Hand axe          |    54 |       |       ||    54
       Kick              |    15 |    36 |    46 ||    97
       Peck              |     9 |    28 |    23 ||    60
       Morningstar       |     4 |   146 |    34 ||   184
       Long sword        |       |       |    76 ||    76
Invok: Berserk           |     1 |     2 |     3 ||     6
  Use: Scroll            |       |     6 |     4 ||    10
       Potion            |       |       |     1 ||     1
  Eat: Chunk             |     1 |     4 |     4 ||     9
       Pizza             |     1 |       |       ||     1
       Meat ration       |       |       |     1 ||     1
       Bread ration      |       |       |     1 ||     1
Armor: Animal skin       |    11 |       |       ||    11
       Scale mail        |    12 |       |       ||    12
       Chain mail        |     2 |   114 |    94 ||   210
Dodge: Dodged            |    43 |    84 |    87 ||   214
